 Dungeon Crawl Stone Soup version 0.16.1-18-g436b03c (webtiles) character file.

76 EmilioHeskey the Charmwright (level 4, -1/30 HPs)
             Began as a High Elf Skald on May 11, 2015.
             Was an Initiate of Okawaru.
             Slain by Sigmund
             ... wielding a +2 scythe of flaming
              (6 damage)
             ... on level 3 of the Dungeon.
             The game lasted 00:06:14 (2465 turns).

EmilioHeskey the Charmwright (High Elf Skald)       Turns: 2465, Time: 00:06:14

Health: -1/30      AC:  6    Str: 11    XL:     4   Next: 12%
Magic:  10/11      EV:  9    Int: 16    God:    Okawaru [......]
Gold:   132        SH:  0    Dex: 15    Spells: 1 memorised, 7 levels left

rFire  . . .     SeeInvis .     a - +0 falchion
rCold  . . .     Clarity  .     m - +0 scale mail
rNeg   . . .     SustAb   .     (no shield)
rPois  .         Gourm    .     (no helmet)
rElec  .         Spirit   .     (no cloak)
rCorr  .         Warding  .     (no gloves)
rMut   .         Stasis   .     (no boots)
MR     .....                    (no amulet)
Stlth  ..........               (no ring)
                                (no ring)

@: infused, not resistant to hostile enchantments, extremely unstealthy
A: no striking features
a: Renounce Religion


You were on level 3 of the Dungeon.
You worshipped Okawaru.
Okawaru was noncommittal.
You were not hungry.

You visited 1 branch of the dungeon, and saw 3 of its levels.

You collected 132 gold pieces.

Inventory:

Hand weapons
 a - a +0 falchion (weapon)
Armour
 m - a +0 scale mail (worn)
Magical devices
 k - a wand of digging (7)
Scrolls
 b - a scroll of magic mapping {unknown}
 e - 2 scrolls of remove curse {unknown}
 i - a scroll of teleportation {unknown}
 j - 3 scrolls of identify {unknown}
 n - 3 scrolls of enchant weapon {unknown}
 q - a scroll of fear {unknown}
Potions
 f - 3 potions of curing {unknown}
 g - 2 potions of magic {unknown}
 h - a potion of flight {unknown}
 p - a potion of beneficial mutation {unknown}
Books
 c - a book of Battle

   Spells                             Type                      Level
   a - Infusion                       Charms                       1
   b - Shroud of Golubria             Charms/Translocation         2
   c - Song of Slaying                Charms                       2
   d - Spectral Weapon                Hexes/Charms                 3
   e - Regeneration                   Charms/Necromancy            3
Comestibles
 d - 2 bread rations
 l - 19 fruits
 o - a chunk of flesh


   Skills:
 + Level 2.9 Fighting
 + Level 3.2 Long Blades
 + Level 1.6 Armour
 - Level 1.1 Dodging
 + Level 2.8 Spellcasting
 + Level 4.1 Charms


You had 7 spell levels left.
You knew the following spells:

 Your Spells              Type           Power        Failure   Level  Hunger
a - Infusion              Chrm           ###...       24%         1    #......


Dungeon Overview and Level Annotations

Branches:
Dungeon (3/15)

Altars:
Okawaru

Annotations:
D:3 Sigmund


Message History

Confirm with . or Enter, or press ? or * to list all spells.
You begin infusing your attacks with magical energy.
The ball python bites you but does no damage.
The ball python constricts you.
You closely miss the ball python. The ball python bites you.
The ball python constricts you.
The ball python bites you but does no damage.
The ball python constricts you.
You hit the ball python!
You kill the ball python!
Okawaru accepts your kill.
No target in view!
Something hits you! Something burns you.
You miss something. You miss something. Something hits you!
* * * LOW HITPOINT WARNING * * *
Something burns you.
* * * LOW HITPOINT WARNING * * *
Something hits you.
You die...

###.### #.# # #.#
.####### #.# ... ..#
#.# #.# #.# #.# #
#.###.####.#
###.##.##..........#
#........@.##.######
######.##.###.# #
#.# #.# #.# #.# #..
..# ### ###


There were no monsters in sight!

Vanquished Creatures
  A worm (D:2)
  An ooze (D:1)
  2 ball pythons
  5 goblins
  5 hobgoblins
  11 jackals
  11 kobolds
  A quokka (D:2)
  13 bats
  3 giant cockroaches
  2 giant geckos (D:1)
  4 giant newts
  6 rats
65 creatures vanquished.

Notes
Turn   | Place    | Note
--------------------------------------------------------------
     0 | D:1      | EmilioHeskey, the High Elf Skald, began the quest for the Orb.
     0 | D:1      | Reached XP level 1. HP: 14/14 MP: 4/4
    87 | D:1      | Reached skill level 1 in Armour
   521 | D:1      | Reached XP level 2. HP: 18/20 MP: 6/6
  1120 | D:1      | Reached XP level 3. HP: 22/25 MP: 8/8
  1408 | D:2      | Found an iron altar of Okawaru.
  1649 | D:2      | Became a worshipper of Warmaster Okawaru
  1967 | D:2      | Reached skill level 4 in Charms
  1978 | D:2      | Reached XP level 4. HP: 28/30 MP: 11/11
  2457 | D:3      | Noticed Sigmund
  2465 | D:3      | Slain by Sigmund

Action                   |  1- 3 |  4- 6 || total
-------------------------+-------+-------++-------
Melee: Falchion          |   169 |    27 ||   196
 Cast: Infusion          |     6 |     1 ||     7
 Stab: Sleeping          |     1 |       ||     1
  Eat: Chunk             |     4 |     1 ||     5
